 Dungeon Crawl Stone Soup version 0.26-b1-32-g5d43845318 (webtiles) character file.

Game seed: 123682733199898492

22689 inmateoo the Thaumaturge (level 13, -3/101 HPs)
             Began as a Gnoll Wanderer on Jan 10, 2021.
             Was an Initiate of Gozag.
             Slain by a six-headed hydra (8 damage)
             ... on level 13 of the Dungeon.
             The game lasted 00:21:39 (15365 turns).

inmateoo the Thaumaturge (Gnoll Wanderer)          Turns: 15365, Time: 00:21:39

Health: -3/101     AC: 14    Str: 20    XL:     13   Next: 1%
Magic:  27/27      EV: 16    Int: 19    God:    Gozag
Gold:   1885       SH:  0    Dex: 14    Spells: 29/33 levels left

rFire    . . .     SeeInvis .   K - +12 war axe "Puabrua" {distort, Str+4}
rCold    + + +     Faith    .   (no shield)
rNeg     + . .     Spirit   .   z - +3 leather armour {rC+}
rPois    .         Reflect  .   u - +0 helmet
rElec    .         Harm     .   P - +2 cloak {rC+}
rCorr    .         Rampage  .   w - +0 pair of gloves
Will     .....                  k - +0 pair of boots
Stlth    ++++......             N - amulet of regeneration
HPRegen  0.66/turn              f - ring of positive energy
MPRegen  0.20/turn              W - ring of protection from cold

@: no status effects
A: distributed training, fangs 1, strong nose
a: Renounce Religion, Potion Petition, Call Merchant, Bribe Branch


You were on level 13 of the Dungeon.
You worshipped Gozag.
Gozag was most pleased with you.
You visited 2 branches of the dungeon, and saw 14 of its levels.
You also visited: Sewer and Ice Cave.

You collected 2223 gold pieces.
You spent 204 gold pieces at shops.
You paid 134 gold pieces to Gozag.

Inventory:

Hand Weapons
 m - a +1 hunting sling of flaming
 K - the +12 war axe "Puabrua" (weapon) {distort, Str+4}
   (You found it on level 7 of the Dungeon)

   It warps and distorts space around it.
   Unwielding it can cause banishment or high damage.
   It affects your strength (+4).
Missiles
 e - 37 poisoned darts
 n - 238 stones (quivered)
 s - 6 throwing nets
 D - 18 sling bullets
Armour
 k - a +0 pair of boots (worn)
 l - a +0 kite shield
 u - a +0 helmet (worn)
 w - a +0 pair of gloves (worn)
 z - a +3 leather armour of cold resistance (worn)
 P - a +2 cloak of cold resistance (worn)
Magical Staves
 y - an uncursed staff of poison
 B - an uncursed staff of cold {unknown}
 I - an uncursed staff of earth {unknown}
Jewellery
 f - a ring of positive energy (left hand)
 v - a +6 ring of strength
 M - an uncursed ring of positive energy
 N - an amulet of regeneration (around neck)
 W - a ring of protection from cold (right hand)
Wands
 o - a wand of iceblast (27)
 C - a wand of polymorph (18)
 Q - a wand of digging (8)
 S - a wand of random effects (39)
Scrolls
 d - 2 scrolls of magic mapping
 i - 7 scrolls of identify
 r - 3 scrolls of amnesia
 t - 4 scrolls of enchant weapon
 x - 3 scrolls of fear
 J - a scroll of teleportation
 O - 7 scrolls of remove curse
 R - 2 scrolls of blinking
 T - a scroll of immolation
Potions
 b - 4 potions of flight
 c - 9 potions of curing
 h - 5 potions of heal wounds
 j - 2 potions of haste
 p - a potion of brilliance
 A - 2 potions of invisibility
 E - a potion of berserk rage
 F - 2 potions of might
 G - 2 potions of lignification
 H - a potion of ambrosia
 L - 2 potions of magic
 U - a potion of cancellation
 V - 2 potions of attraction


   Skills:
 + Level 9.1 Fighting
 + Level 7.8 Short Blades
 + Level 7.8 Long Blades
 + Level 7.8 Axes
 + Level 7.8 Maces & Flails
 + Level 7.8 Polearms
 + Level 7.8 Staves
 + Level 7.8 Slings
 + Level 7.8 Bows
 + Level 7.8 Crossbows
 + Level 7.8 Throwing
 + Level 8.3 Armour
 + Level 7.8 Dodging
 + Level 8.2 Stealth
 + Level 8.3 Shields
 + Level 7.8 Unarmed Combat
 + Level 10.5 Spellcasting
 + Level 6.5 Conjurations
 + Level 6.5 Hexes
 + Level 6.5 Summonings
 + Level 6.5 Necromancy
 + Level 6.5 Translocations
 + Level 6.5 Transmutations
 + Level 6.5 Fire Magic
 + Level 6.5 Ice Magic
 + Level 6.9 Air Magic
 + Level 6.9 Earth Magic
 + Level 6.5 Poison Magic
 + Level 8.6 Invocations
 + Level 7.8 Evocations


You had 29 spell levels left.
You knew the following spells:

 Your Spells              Type           Power        Failure   Level
a - Foxfire               Conj/Fire      100%         1%          1
b - Stone Arrow           Conj/Erth      70%          1%          3

Your spell library contained the following spells:

 Spells                   Type           Power        Failure   Level
 Beastly Appendage        Tmut           68%          1%          1
 Freeze                   Ice            100%         1%          1
 Ensorcelled Hibernation  Hex/Ice        68%          1%          2
 Wereblood                Tmut           34%          1%          2
 Frozen Ramparts          Ice            68%          1%          3
 Ozocubu's Armour         Ice            34%          1%          3
 Spider Form              Tmut/Pois      17%          1%          3
 Hailstorm                Conj/Ice       34%          5%          4
 Ice Form                 Ice/Tmut       34%          5%          4
 Summon Ice Beast         Ice/Summ       34%          5%          4
 Blade Hands              Tmut           17%          16%         5
 Metabolic Englaciation   Hex/Ice        17%          16%         5
 Freezing Cloud           Conj/Ice/Air   17%          63%         6
 Ozocubu's Refrigeration  Ice            17%          63%         6
 Simulacrum               Ice/Necr       17%          63%         6


Dungeon Overview and Level Annotations

Branches:
Dungeon (13/15)            Temple (1/1) D:6            Lair (0/6) D:8
    Orc (0/2) D:10          Sewer (visited)           IceCv (visited)
 Vaults: D:13-14

Altars:
Ashenzari
Cheibriados
Dithmenos
Elyvilon
Fedhas
Gozag
Hepliaklqana
Kikubaaqudgha
Makhleb
Nemelex Xobeh
Okawaru
Qazlal
Ru
Sif Muna
Trog
Uskayaw
Vehumet
Wu Jian
Xom
Yredelemnul
Zin
The Shining One

Shops:
D:5 ![   D:11 (


Innate Abilities, Weirdness & Mutations

Your experience applies equally to all skills.
You have very sharp teeth.
Your uncanny sense of smell can sniff out nearby items.


Message History

The six-headed hydra bites you! The six-headed hydra barely misses you.
The six-headed hydra bites you but does no damage.
The six-headed hydra closely misses you.
Unknown command.
Evoke which item? (* to show all) (? for menu, Esc to quit)
Aiming: Iceblast
Press: ? - help, Shift-Dir - straight line The mass of ice explodes!
The iceblast engulfs the six-headed hydra!
The six-headed hydra is almost dead.
The six-headed hydra bites you!
* * * LOW HITPOINT WARNING * * *
The six-headed hydra bites you but does no damage.
The six-headed hydra bites you!
* * * LOW HITPOINT WARNING * * *
The six-headed hydra bites you!
* * * LOW HITPOINT WARNING * * *
The six-headed hydra bites you!
You die...
Your body crumbles into a pile of gold.

###.## #....### #..#
####...# #.## ###.#
#.* #.# *#+****
######'### ,,,,,,*
#......$.# ,,>,,,***
#........# ,∩,,,,+,*
#....D...#
,,,,,,*,**#.....@..#
,,,,*,*,,*#........#
,,,,,,*,,,+........#
*,*,∩$*,**#........#
*,,,,,,,* #........#
********* ##########


You could see a six-headed hydra.

Vanquished Creatures
  Harold (D:7)
  A two-headed ogre (D:11)
  An ugly thing (D:11)
  A necromancer (IceCv)
  3 cyclopes
  2 manticores (D:12)
  An ice statue (IceCv)
  Maurice (D:8)
  Psyche (D:8)
  2 gargoyles
  10 freezing wraiths (IceCv)
  A kobold demonologist (D:12)
  An ice devil (D:13)
  2 trolls
  A meliai zombie (D:11)
  A wyvern (D:9)
  17 yaks
  A wraith (D:11)
  A vampire (D:11)
  Eustachio (D:5)
  2 death yak simulacra (IceCv)
  4 vampire mosquitoes (D:12)
  A soldier ant (D:10)
  2 wargs
  An acid dragon (D:12)
  2 water moccasins
  5 orc warriors
  An eye of draining (D:10)
  7 ice beasts
  5 sky beasts
  3 phantoms
  3 black bears
  4 ogres
  7 centaurs
  A big kobold (D:11)
  7 bullfrogs
  6 scorpions
  9 killer bees
  6 wights
  4 howler monkeys
  3 draconian simulacra (IceCv)
  A quasit (D:9)
  2 bullfrog skeletons (D:10)
  A bullfrog zombie (D:12)
  9 hounds
  2 jellies
  11 orc priests
  A gnoll shaman (D:9)
  A centaur skeleton (D:6)
  4 iguanas
  12 orc wizards
  Natasha (twice) (D:3)
  8 troll simulacra (IceCv)
  12 worker ants
  A killer bee zombie (D:7)
  2 spriggan simulacra (IceCv)
  2 wolf simulacra (IceCv)
  2 centaur simulacra (IceCv)
  A hound skeleton (D:7)
  12 gnolls
  3 naga simulacra (IceCv)
  15 adders
  2 ogre simulacra (IceCv)
  2 shadow imps
  13 white imps
  3 ufetubi
  An adder skeleton (D:4)
  5 worms
  2 dart slugs
  4 leopard geckos
  53 orcs
  7 ball pythons
  10 giant cockroaches
  6 hobgoblins
  12 jackals
  4 quokkas
  6 bats
  3 frilled lizards
  5 goblins
  2 jackal skeletons
  13 kobolds
  2 quokka skeletons
  11 rats
403 creatures vanquished.

Vanquished Creatures (collateral kills)
  A killer bee (D:12)
1 creature vanquished.

Vanquished Creatures (others)
  A hydra (D:12)
  2 centaurs (D:11)
  4 killer bees (D:12)
7 creatures vanquished.

Grand Total: 411 creatures vanquished

Notes
Turn   | Place    | Note
-------+----------+-------------------------------------------
     0 | D:1      | inmateoo the Gnoll Wanderer began the quest for the Orb.
     0 | D:1      | inmateoo set off with the following items: a +2 spear, a
                  | potion of curing, a +0 robe; and the following spell
                  | memorised: Foxfire; and the following spells available to
                  | memorise: Stone Arrow
     0 | D:1      | Reached XP level 1. HP: 20/20 MP: 8/8
   104 | D:1      | Reached XP level 2. HP: 25/26 MP: 10/10
   322 | D:1      | Reached XP level 3. HP: 30/31 MP: 11/11
   815 | D:2      | Reached skill level 1 in Short Blades
   815 | D:2      | Reached skill level 1 in Long Blades
   815 | D:2      | Reached skill level 1 in Axes
   815 | D:2      | Reached skill level 1 in Maces & Flails
   815 | D:2      | Reached skill level 1 in Polearms
   815 | D:2      | Reached skill level 1 in Staves
   815 | D:2      | Reached skill level 1 in Slings
   815 | D:2      | Reached skill level 1 in Bows
   815 | D:2      | Reached skill level 1 in Crossbows
   815 | D:2      | Reached skill level 1 in Throwing
   815 | D:2      | Reached skill level 1 in Dodging
   815 | D:2      | Reached skill level 1 in Unarmed Combat
   815 | D:2      | Reached skill level 1 in Invocations
   815 | D:2      | Reached skill level 1 in Evocations
   815 | D:2      | Reached XP level 4. HP: 21/38 MP: 13/13
   990 | D:2      | Found a hazy altar of Hepliaklqana.
  1350 | D:2      | Reached skill level 1 in Conjurations
  1350 | D:2      | Reached skill level 1 in Hexes
  1350 | D:2      | Reached skill level 1 in Summonings
  1350 | D:2      | Reached skill level 1 in Necromancy
  1350 | D:2      | Reached skill level 1 in Translocations
  1350 | D:2      | Reached skill level 1 in Transmutations
  1350 | D:2      | Reached skill level 1 in Fire Magic
  1350 | D:2      | Reached skill level 1 in Ice Magic
  1350 | D:2      | Reached skill level 1 in Poison Magic
  1695 | D:2      | Found a stormy altar of Qazlal.
  1813 | D:2      | Reached XP level 5. HP: 43/43 MP: 14/14
  2150 | D:3      | Found a burning altar of Makhleb.
  2152 | D:3      | Found a sacrificial altar of Ru.
  2318 | D:3      | Noticed Natasha
  2329 | D:3      | Killed Natasha
  2330 | D:3      | Reached XP level 6. HP: 48/50 MP: 16/16
  2485 | D:3      | Found a broken altar of Ashenzari.
  2487 | D:3      | Found a bloodstained altar of Trog.
  2516 | D:3      | Noticed Natasha
  2531 | D:3      | Killed Natasha
  2639 | D:3      | Found a glowing drain.
  2646 | D:3      | Reached skill level 5 in Fighting
  2650 | Sewer    | Entered a sewer
  2835 | Sewer    | Noticed a water moccasin
  2851 | Sewer    | Killed a water moccasin
  2950 | Sewer    | Identified the Catalogue of Frigorific Clay
  3041 | D:4      | Reached XP level 7. HP: 51/56 MP: 18/18
  3068 | D:4      | Found an ancient bone altar of Kikubaaqudgha.
  3928 | D:4      | Found an iron altar of Okawaru.
  4095 | D:5      | Entered Level 5 of the Dungeon
  4242 | D:5      | Reached XP level 8. HP: 36/63 MP: 19/19
  4471 | D:5      | Noticed Eustachio
  4490 | D:5      | Killed Eustachio
  4854 | D:5      | Found Nistryt's Distillery.
  5097 | D:5      | Bought a potion of berserk rage for 60 gold pieces
  5097 | D:5      | Bought a potion of heal wounds for 60 gold pieces
  5097 | D:5      | Bought a potion of might for 48 gold pieces
  5097 | D:5      | Bought a potion of lignification for 36 gold pieces
  5173 | D:5      | Found Utojub's Antique Armour Emporium.
  5311 | D:5      | Found an ornate altar of the Wu Jian Council.
  5314 | D:5      | Found a shimmering altar of Xom.
  5317 | D:5      | Found a snail-covered altar of Cheibriados.
  5379 | D:6      | Reached skill level 8 in Spellcasting
  6061 | D:6      | Found a staircase to the Ecumenical Temple.
  6073 | Temple   | Entered the Ecumenical Temple
  6244 | D:6      | Reached XP level 9. HP: 47/69 MP: 21/21
  6543 | D:6      | Found a glowing silver altar of Zin.
  6927 | D:7      | Got a fine war axe
  6935 | D:7      | Identified the +12 war axe "Puabrua" {distort, Str+4} (You
                  | found it on level 7 of the Dungeon)
  7210 | D:7      | Reached skill level 5 in Armour
  7210 | D:7      | Reached skill level 5 in Shields
  7392 | D:7      | Found a snail-covered altar of Cheibriados.
  7424 | D:7      | Noticed Harold
  7459 | D:7      | Learned a level 3 spell: Stone Arrow
  7484 | D:7      | Found a radiant altar of Vehumet.
  7487 | D:7      | Reached skill level 5 in Stealth
  7534 | D:7      | Killed Harold
  7535 | D:7      | Reached skill level 5 in Invocations
  7617 | D:7      | Reached XP level 10. HP: 77/77 MP: 22/22
  7875 | D:8      | Noticed Maurice
  7880 | D:8      | Reached skill level 5 in Short Blades
  7880 | D:8      | Reached skill level 5 in Long Blades
  7880 | D:8      | Reached skill level 5 in Axes
  7880 | D:8      | Reached skill level 5 in Maces & Flails
  7880 | D:8      | Reached skill level 5 in Polearms
  7880 | D:8      | Reached skill level 5 in Staves
  7880 | D:8      | Reached skill level 5 in Slings
  7880 | D:8      | Reached skill level 5 in Bows
  7880 | D:8      | Reached skill level 5 in Crossbows
  7880 | D:8      | Reached skill level 5 in Throwing
  7880 | D:8      | Reached skill level 5 in Dodging
  7880 | D:8      | Reached skill level 5 in Unarmed Combat
  7880 | D:8      | Reached skill level 5 in Evocations
  7882 | D:8      | Identified the +1 glaive of the Fifty Artists {spect, rC++}
  7882 | D:8      | Identified the +1 glaive of the Fifty Artists {spect, rC++}
  7890 | D:8      | Killed Maurice
  8154 | D:8      | Found a staircase to the Lair.
  8380 | D:7      | Reached skill level 9 in Spellcasting
  8656 | D:8      | Noticed Psyche
  8665 | D:8      | Killed Psyche
  8666 | D:8      | Reached skill level 5 in Air Magic
  8666 | D:8      | Reached skill level 5 in Earth Magic
  9707 | D:9      | Found an opulent altar of Gozag.
  9709 | D:9      | Reached XP level 11. HP: 84/84 MP: 24/24
  9732 | D:9      | Became a worshipper of Gozag Ym Sagoz the Greedy
  9988 | D:10     | Entered Level 10 of the Dungeon
 10025 | D:10     | Found a staircase to the Orcish Mines.
 10140 | D:10     | Reached skill level 5 in Conjurations
 10140 | D:10     | Reached skill level 5 in Hexes
 10140 | D:10     | Reached skill level 5 in Summonings
 10140 | D:10     | Reached skill level 5 in Necromancy
 10140 | D:10     | Reached skill level 5 in Translocations
 10140 | D:10     | Reached skill level 5 in Transmutations
 10140 | D:10     | Reached skill level 5 in Fire Magic
 10140 | D:10     | Reached skill level 5 in Ice Magic
 10140 | D:10     | Reached skill level 5 in Poison Magic
 11457 | D:11     | Noticed a red ugly thing
 11472 | D:11     | Noticed a two-headed ogre
 11602 | D:11     | Noticed a boulder beetle
 11692 | D:11     | Killed a two-headed ogre
 11894 | D:11     | Found Tirenage's Weapon Shoppe.
 12027 | D:11     | Killed a red ugly thing
 12304 | D:12     | Noticed a cyclops
 12600 | D:12     | Killed a cyclops
 12665 | D:12     | Got an encrusted ring mail
 12701 | D:11     | Identified the +3 ring mail of a ziggurat {+Fly rF+ rC-}
                  | (You found it on level 12 of the Dungeon)
 13195 | D:12     | Noticed a five-headed hydra
 13196 | D:12     | Noticed a boulder beetle
 13235 | D:12     | Reached XP level 12. HP: 79/94 MP: 25/25
 13240 | D:12     | Reached skill level 10 in Spellcasting
 13261 | D:12     | Banished a boulder beetle
 13527 | D:12     | Found a shimmering altar of Xom.
 14158 | D:13     | Found a frozen archway.
 14188 | IceCv    | Entered an ice cave
 14534 | IceCv    | Found an ancient bone altar of Kikubaaqudgha.
 15047 | IceCv    | Identified the Grimoire of Ice
 15222 | D:13     | Found a blossoming altar of Fedhas.
 15357 | D:13     | Reached XP level 13. HP: 101/101 MP: 27/27
 15365 | D:13     | HP: 5/101 [six-headed hydra (9)]
 15365 | D:13     | Slain by a six-headed hydra

Illustrated notes

Levels and vault maps discovered:
D:1:      dpeg_arrival_shrine, layout_loops_ring, roderic_nine_men_s_morris
D:2:      layout_loops_cross, nzn_hepliaklqana_mist_gate,
          general_overflow_altar, wad_orctagon
D:3:      layout_rooms, nicolae_overflow_hidden_temple, portal_sewer_entry_e,
          amethyst_killhole, uniq_natasha
D:4:      minmay_chambers_of_fours, layout_basic, kiku_gazebo_pond_becter,
          okawaru_trees_2
D:5:      layout_layer_cave, grunt_temple_overflow_diamond, serial_shops,
          nicolae_shop_waterfront, kennysheep_mini, kennysheep_generic_room_13,
          uniq_eustachio
D:6:      layout_loops_ring, lemuel_crystal_altar,
          minmay_temple_entry_stoned_glass
D:7:      layout_gridville, old_standard_altar, basic_altar, uniq_harold
D:8:      layout_gridville, erik_lair_orcish_takeover, nrook_campfire,
          uniq_maurice, uniq_psyche
D:9:      layout_basic, nicolae_overflow_crystal_walls
D:10:     layout_irregular_city, david_orc_2
D:11:     layout_basic, serial_shops, shop_fountains
D:12:     minmay_skewed_foursquare, layout_cross, minmay_ruined_shrine
D:13:     layout_roguey, david_vaults_1, serial_shops, shop,
          nicolae_shop_competitors_out_of_business, shop, nicolae_shop_stone,
          portal_ice_cave_demonic_guard, fedhas_altar_fruit_tree
Temple:   nicolae_temple_figure_zero

Skill      XL: |  1  2  3  4  5  6  7  8  9 10 11 12 |
---------------+-------------------------------------+-----
Air Magic      | 2 3 4 5 6 |  6.9
Earth Magic    | 2 3 4 5 6 |  6.9
Short Blades   | 1 2 3 4 5 6 7 |  7.8
Long Blades    | 1 2 3 4 5 6 7 |  7.8
Axes           | 1 2 3 4 5 6 7 |  7.8
Maces & Flails | 1 2 3 4 5 6 7 |  7.8
Polearms       | 1 2 3 4 5 6 7 |  7.8
Staves         | 1 2 3 4 5 6 7 |  7.8
Slings         | 1 2 3 4 5 6 7 |  7.8
Bows           | 1 2 3 4 5 6 7 |  7.8
Crossbows      | 1 2 3 4 5 6 7 |  7.8
Throwing       | 1 2 3 4 5 6 7 |  7.8
Dodging        | 1 2 3 4 5 6 7 |  7.8
Unarmed Combat | 1 2 3 4 5 6 7 |  7.8
Invocations    | 1 2 3 4 5 6 7 8 |  8.6
Evocations     | 1 2 3 4 5 6 7 |  7.8
Conjurations   | 1 2 3 4 5 6 |  6.5
Hexes          | 1 2 3 4 5 6 |  6.5
Summonings     | 1 2 3 4 5 6 |  6.5
Necromancy     | 1 2 3 4 5 6 |  6.5
Translocations | 1 2 3 4 5 6 |  6.5
Transmutations | 1 2 3 4 5 6 |  6.5
Fire Magic     | 1 2 3 4 5 6 |  6.5
Ice Magic      | 1 2 3 4 5 6 |  6.5
Poison Magic   | 1 2 3 4 5 6 |  6.5
Armour         | 3 4 5 6 7 8 |  8.3
Shields        | 3 4 5 6 7 8 |  8.3
Stealth        | 3 4 5 6 7 8 |  8.2
Fighting       | 5 6 7 8 9 |  9.1
Spellcasting   | 8 9 10 | 10.5

Action                   |  1- 3 |  4- 6 |  7- 9 | 10-12 | 13-15 || total
-------------------------+-------+-------+-------+-------+-------++-------
Melee: Spear             |    82 |   268 |    99 |       |       ||   449
       Bite              |     7 |    17 |    32 |    52 |       ||   108
       Punch             |       |     3 |     3 |    19 |       ||    25
       Flail             |       |       |   117 |       |       ||   117
       Staff             |       |       |   102 |       |       ||   102
       War axe           |       |       |    31 |   470 |     1 ||   502
 Fire: Hunting sling     |       |     3 |    26 |       |       ||    29
Throw: Dart              |       |       |     5 |       |       ||     5
       Stone             |       |       |       |     1 |       ||     1
 Cast: Stone Arrow       |       |       |       |     2 |       ||     2
Evoke: Wand              |       |       |     1 |    43 |     4 ||    48
  Use: Scroll            |       |     9 |     3 |    18 |       ||    30
       Potion            |       |     1 |       |     1 |       ||     2
 Stab: Sleeping          |    11 |       |     8 |    24 |       ||    43
       Distracted        |     1 |       |       |     1 |       ||     2
       Paralysed         |       |       |     5 |    15 |       ||    20
       Invisible         |       |       |       |     2 |       ||     2
Armor: Robe              |    19 |    11 |       |       |       ||    30
       Chain mail        |       |   135 |   141 |       |       ||   276
       Leather armour    |       |       |    80 |   170 |     8 ||   258
Dodge: Dodged            |    44 |    83 |   230 |   350 |     7 ||   714
Block: Other             |       |       |     5 |    33 |       ||    38
       Reflection        |       |       |     1 |     3 |       ||     4
